 Dungeon Crawl Stone Soup version 0.27.1-3-gb3d3a73c9e (webtiles) character file.

Game seed: 3248726895188329098

977 MisterFreud the Fighter (level 7, -4/68 HPs)
             Began as a Minotaur Abyssal Knight on Oct 17, 2021.
             Was an Elder of Lugonu.
             Slain by a hornet zombie (13 damage)
             ... on level 5 of the Dungeon.
             The game lasted 00:06:48 (5954 turns).

MisterFreud the Fighter (Minotaur Abyssal Knight)   Turns: 5954, Time: 00:06:48

Health: -4/68      AC:  3    Str: 18    XL:     7   Next: 95%
Magic:  10/10      EV: 11    Int:  9    God:    Lugonu [****..]
Gold:   8          SH:  0    Dex: 10    Spells: 6/6 levels left

rFire    . . .     SeeInvis .   m - +2 dagger (drain)
rCold    . . .     Faith    .   (no shield)
rNeg     . . .     Spirit   .   b - +0 leather armour
rPois    .         Reflect  .   (helmet restricted)
rElec    .         Harm     .   (no cloak)
rCorr    .         Rampage  .   (no gloves)
Will     .....                  (no boots)
Stlth    +.........             (no amulet)
HPRegen  0.21/turn              (no ring)
MPRegen  0.12/turn              (no ring)

@: mighty
A: horns 2, retaliatory headbutt
a: Renounce Religion, Depart the Abyss, Bend Space, Banish, Corrupt


You were on level 5 of the Dungeon.
You worshipped Lugonu.
Lugonu was greatly pleased with you.
You visited 1 branch of the dungeon, and saw 5 of its levels.
You visited the Abyss 1 time.

You collected 225 gold pieces.
You spent 217 gold pieces at shops.

Inventory:

Hand Weapons
 a - a +1 falchion
 m - a +2 dagger of draining (weapon)
Missiles
 i - 5 boomerangs (quivered)
 u - 2 poisoned darts
 v - 8 javelins
Armour
 b - a +0 leather armour (worn)
Jewellery
 f - a ring of magical power
 n - a ring of positive energy
Scrolls
 c - 3 scrolls of magic mapping {unknown}
 d - 2 scrolls of noise {unknown}
 e - a scroll of vulnerability {unknown}
 g - a scroll of amnesia
 h - a scroll of blinking {unknown}
 k - a scroll of enchant armour
 o - 2 scrolls of teleportation
 p - 2 scrolls of immolation {unknown}
 q - a scroll of fear
 r - a scroll of fog
 s - a scroll of acquirement {unknown}
 t - 3 scrolls of identify
 w - a scroll of enchant weapon {unknown}
Potions
 j - a potion of might
 l - a potion of magic


   Skills:
 - Level 8.0 Fighting
 - Level 2.4 Long Blades
 - Level 5.4 Armour
 - Level 1.1 Dodging
 + Level 5.9 Invocations


You had 6 spell levels left.
You didn't know any spells.
Your spell library contained the following spells:

 Spells                   Type           Power      Damage    Failure   Level
 Animate Skeleton         Necr           0%         N/A       43%         1
 Beastly Appendage        Tmut           0%         N/A       43%         1
 Pain                     Necr           0%         1d4       43%         1
 Wereblood                Tmut           0%         N/A       56%         2
 Spider Form              Tmut/Pois      0%         N/A       80%         3
 Vampiric Draining        Necr           0%         2d6       80%         3
 Animate Armour           Summ/Erth      0%         N/A       99%         4
 Blade Hands              Tmut           0%         N/A       100%        5
 Iron Shot                Conj/Erth      0%         9d1       100%        6


Dungeon Overview and Level Annotations

Branches:
Dungeon (5/15)             Temple (0/1) D:4

Altars:
Makhleb
Qazlal
Sif Muna

Shops:
D:3 *??!   D:5 *


Innate Abilities, Weirdness & Mutations

You have a pair of horns on your head.
You reflexively headbutt those who attack you in melee.


Message History

The orc hits you with a +0 dagger.
You hit the orc but do no damage. You drain the orc.
The orc is heavily wounded.
The orc hits you with a +0 dagger.
You closely miss the orc. You headbutt the orc.
You kill the orc!
Lugonu accepts your kill.
No target in view!
A hornet zombie comes into view.
A hornet zombie is nearby!
A hornet zombie is nearby!
Found a scroll of enchant armour and a leather armour.
The hornet zombie hits you!
There is a stone staircase leading up here.
You barely miss the hornet zombie. The hornet zombie hits you.
You hit the hornet zombie. Your headbutt misses the hornet zombie.
The hornet zombie is lightly damaged.
The hornet zombie hits you.
You hit the hornet zombie.
The hornet zombie is lightly damaged.
The hornet zombie closely misses you. You furiously retaliate!
You headbutt the hornet zombie. You closely miss the hornet zombie.
The hornet zombie is lightly damaged.
The hornet zombie hits you!
The hornet zombie hits you but does no damage.
You closely miss the hornet zombie.
The hornet zombie is lightly damaged.
The hornet zombie closely misses you.
You feel very mighty all of a sudden. The hornet zombie hits you.
* * * LOW HITPOINT WARNING * * *
You hit the hornet zombie. You headbutt the hornet zombie.
The hornet zombie is lightly damaged.
The hornet zombie hits you!
* * * LOW HITPOINT WARNING * * *
You puncture the hornet zombie!
The hornet zombie is heavily damaged.
The hornet zombie hits you!
You die...

#.............#....
...................
...................
#.....#...........
.##...)#......#....
..............##...
.......).).........
........).[Z.......
....$....).@..#....
#...##........# ..#
....(.............#
..........#####.#..
....###...# #.. .>.
#..... ..# #.
....... .. .......#
.....##


You could see a hornet zombie.

Vanquished Creatures
  Sigmund (D:3)
  Menkaure (D:5)
  2 ogres
  2 scorpions
  A bullfrog (D:4)
  3 hounds (D:4)
  An orc priest (D:4)
  A centaur skeleton (D:4)
  Robin (D:2)
  5 adders
  A shadow imp (D:5)
  A worm (D:2)
  4 dart slugs
  9 orcs
  7 ball pythons
  5 bats
  10 endoplasms
  3 giant cockroaches
  15 goblins
  5 hobgoblins
  6 jackals
  2 quokkas (D:2)
  7 frilled lizards
  10 kobolds
  8 rats
111 creatures vanquished.

Notes
Turn   | Place    | Note
-------+----------+-------------------------------------------
     0 | Abyss:1  | MisterFreud the Minotaur Abyssal Knight began the quest for
                  | the Orb.
     0 | Abyss:1  | Reached XP level 1. HP: 19/19 MP: 1/1
     8 | D:1      | Escaped the Abyss
   217 | D:1      | Reached skill level 4 in Fighting
   351 | D:1      | Reached XP level 2. HP: 24/28 MP: 2/2
   838 | D:1      | Reached skill level 5 in Fighting
  1215 | D:2      | Reached XP level 3. HP: 35/36 MP: 3/3
  1219 | D:2      | Reached ** piety under Lugonu
  1338 | D:2      | Found a burning altar of Makhleb.
  1524 | D:2      | Found a faded altar of an unknown god.
  1593 | D:2      | Noticed Robin
  1604 | D:2      | Killed Robin
  2016 | D:2      | Reached XP level 4. HP: 44/44 MP: 4/4
  2019 | D:2      | Reached skill level 6 in Fighting
  2817 | D:3      | Found a stormy altar of Qazlal.
  2919 | D:3      | Found Sedasele's Magic Scroll Shoppe.
  2926 | D:3      | Bought a scroll of fear for 45 gold pieces
  2926 | D:3      | Bought a scroll of identify for 26 gold pieces
  2926 | D:3      | Bought a scroll of teleportation for 39 gold pieces
  2926 | D:3      | Bought a scroll of fog for 26 gold pieces
  2930 | D:3      | Found Ykhlisse's Magic Scroll Shoppe.
  2990 | D:3      | Found Miorifea's Distillery.
  3004 | D:3      | Reached *** piety under Lugonu
  3362 | D:3      | Reached XP level 5. HP: 51/51 MP: 5/5
  3408 | D:3      | Found Binopt's General Store.
  3509 | D:3      | Noticed Sigmund
  3525 | D:3      | Killed Sigmund
  3526 | D:3      | Reached skill level 8 in Fighting
  3526 | D:3      | Reached XP level 6. HP: 17/61 MP: 6/6
  3918 | D:4      | Found a staircase to the Ecumenical Temple.
  4101 | D:4      | Reached skill level 5 in Armour
  4282 | D:4      | Found a shimmering blue altar of Sif Muna.
  4640 | D:4      | Reached XP level 7. HP: 25/68 MP: 6/8
  5575 | D:5      | Entered Level 5 of the Dungeon
  5575 | D:5      | Found Hupt's Assorted Antiques.
  5740 | D:5      | Bought a scroll labelled POERUABEGO for 27 gold pieces
  5740 | D:5      | Bought a scroll labelled MUPHEA DIBOD for 27 gold pieces
  5740 | D:5      | Bought a scroll labelled HYNUOCLEOFI for 27 gold pieces
  5798 | D:5      | Noticed Menkaure
  5807 | D:5      | Killed Menkaure
  5808 | D:5      | Reached skill level 5 in Invocations
  5917 | D:5      | Reached **** piety under Lugonu
  5954 | D:5      | Slain by a hornet zombie

Illustrated notes

Levels and vault maps discovered:
D:1:      saegor_arrival_simple_e, layout_basic
D:2:      minmay_chambers_of_twos, layout_loops_ring, basic_altar,
          shapermc_ecumenical_altar_pompeii, kennysheep_small_spiral,
          minmay_quantized, uniq_robin
D:3:      layout_loops_ring, nicolae_qazlal_general_emergency, serial_shops,
          nicolae_shop_competitors_out_of_business, shop, shop, shop, hex_tiny,
          uniq_sigmund
D:4:      layout_layer_cave, nicolae_sif_muna_little_library,
          minmay_temple_entry_waves, minmay_misc_feat_square
D:5:      layout_cave_pools, nicolae_uskayaw_murder_on_the_dancefloor,
          serial_shops, nicolae_shop_statue_plus, uniq_menkaure

Skill      XL: |  1  2  3  4  5  6  7 |
---------------+----------------------+-----
Fighting       | 4 5 6 8 |  8.0
Armour         | 3 5 |  5.4
Invocations    | 2 5 |  5.9
Long Blades    | |  2.4
Dodging        | |  1.1

Action                   |  1- 3 |  4- 6 |  7- 9 || total
-------------------------+-------+-------+-------++-------
Melee: Falchion          |    86 |    29 |       ||   115
       Headbutt          |    15 |    20 |     8 ||    43
       Dagger            |       |   113 |    63 ||   176
Throw: Boomerang         |       |     3 |     7 ||    10
  Use: Scroll            |       |     4 |     1 ||     5
       Potion            |       |       |     1 ||     1
Armor: Leather armour    |    19 |    27 |    10 ||    56
Dodge: Dodged            |    64 |    69 |    36 ||   169
       Rpst.: Falchion   |    13 |     4 |       ||    17
